 Dungeon Crawl Stone Soup version 0.28.0-53-g5a82cb258f (webtiles) character file.

Game seed: 2276767541109088184

1374 buhh the Chiller (level 8, -3/68 HPs)
             Began as an Octopode Transmuter on June 18, 2022.
             Engulfed by a steam dragon's steam (11 damage)
             ... on level 6 of the Dungeon.
             The game lasted 00:22:12 (7779 turns).

buhh the Chiller (Octopode Transmuter)              Turns: 7779, Time: 00:22:13

Health: -3/68      AC:  7    Str: 10    XL:     8   Next: 66%
Magic:  6/11       EV: 10    Int: 17    God:
Gold:   274        SH:  0    Dex: 12    Spells: 1/11 levels left

rFire   x . .      SeeInvis .     - Unarmed
rCold   + + +      Faith    .   (shield currently unavailable)
rNeg    . . .      Spirit   .   (helmet currently unavailable)
rPois   +          Reflect  .   (no amulet)
rElec   .          Harm     .   (no ring)
rCorr   .          Rampage  .   (no ring)
Will    .....                   (no ring)
Stlth   ++........              (no ring)
HPRegen 0.21/turn               (no ring)
MPRegen 0.12/turn               (no ring)
                                (no ring)
                                (no ring)

@: ice-form, wereblooded
A: freezing attack, boosted hp, almost no armour, amphibious, 8 rings, large,
(camouflage 1), (gelatinous body 1), (nimble swimmer 1), (tentacles)
a: End Transformation


You were on level 6 of the Dungeon.
You were a creature of crystalline ice.
You visited 1 branch of the dungeon, and saw 6 of its levels.
You also visited: Sewer.

You collected 274 gold pieces.

Inventory:

Missiles
 b - 2 poisoned darts
Armour
 j - a +0 buckler
 m - a +2 hat (melded)
Magical Staves
 e - a staff of air
Jewellery
 o - a ring of ice
Wands
 v - a wand of digging (4)
Scrolls
 f - a scroll of silence {unknown}
 g - a scroll of holy word {unknown}
 h - a scroll of amnesia {unknown}
 i - a scroll of magic mapping {unknown}
 l - a scroll of summoning {unknown}
 t - a scroll of teleportation {!d}
 Q - a scroll of fog
 T - a scroll of immolation {!d}
 Z - a scroll of enchant armour
Potions
 a - a potion of might {unknown}
 d - a potion of ambrosia {unknown}
 k - a potion of degeneration {unknown}
 n - a potion of mutation {unknown}
 p - a potion of flight {unknown}
 J - a potion of magic {!q!d}


   Skills:
 - Level 6.0 Fighting
 - Level 2.0 Dodging
 - Level 2.0 Stealth
 - Level 3.0 Unarmed Combat
 - Level 2.0 Spellcasting
 - Level 5.0 Transmutations
 * Level 6.7 Ice Magic


You had one spell level left.
You knew the following spells:

 Your Spells              Type           Power      Damage    Failure   Level
a - Beastly Appendage     Tmut           36%        N/A       2%          1
b - Wereblood             Tmut           18%        N/A       3%          2
c - Spider Form           Tmut/Pois      10%        N/A       21%         3
d - Ice Form              Ice/Tmut       21%        N/A       17%         4

Your spell library contained the following spells:

 Spells                   Type           Power      Damage    Failure   Level
 Pain                     Necr           4%         1d4       19%         1
 Slow                     Hex            4%         N/A       19%         1
 Blink                    Tloc           2%         N/A       28%         2
 Lesser Beckoning         Tloc           1%         N/A       50%         3
 Fulminant Prism          Conj/Hex       0%         3d6       88%         4
 Yara's Violent Unravell  Hex/Tmut       5%         3d4       88%         5
 Agony                    Necr           1%         N/A       99%         5
 Excruciating Wounds      Necr           0%         N/A       99%         5
 Manifold Assault         Tloc           1%         N/A       99%         5
 Silence                  Hex/Air        0%         N/A       99%         5
 Summon Forest            Summ/Tloc      0%         N/A       99%         5
 Eringya's Noxious Bog    Tmut/Pois      5%         N/A       100%        6
 Summon Hydra             Summ           0%         N/A       100%        7


Dungeon Overview and Level Annotations

Branches:
Dungeon (6/15)              Sewer (visited)
 Temple: D:4-7

Altars:
Ashenzari
Dithmenos
Elyvilon
Gozag
Kikubaaqudgha
Makhleb
Qazlal
Sif Muna
Uskayaw
Wu Jian
Xom

Shops:
D:3 *

Annotations:
D:3 Sigmund
D:5 Menkaure, Prince Ribbit


Innate Abilities, Weirdness & Mutations

You are a creature of crystalline ice.
You have a powerful freezing melee attack.
Your maximum health is increased.
Your armour is entirely melded.
You are incapable of wielding weapons or throwing items.
You cannot wear most types of armour.
You are amphibious.
You can wear up to eight rings at the same time.
((Your skin changes colour to match your surroundings (Stealth+).))
((Your rubbery body absorbs attacks. (AC +1, EV +1)))
((You are camouflaged when in or above water. (Stealth+)))
((You have tentacles for arms and can constrict up to eight enemies at once.))


Message History

The spell is quite dangerous to miscast (19% risk of failure)!
Continue anyway?
You turn into a creature of crystalline ice.
Your +2 hat melds into your body.
The orc shouts!
An orc comes into view. It is wielding a +0 trident.
There is an open door here.
The orc warrior shouts!
The orc shouts!
You hear an angry hiss.
Casting: Ice Form (dangerous; 19% risk of failure)
Confirm with . or Enter, or press ? or * to list all spells.
Your blood is infused with primal strength.
You barely miss the orc.
A steam dragon comes into view.
You punch the orc warrior! You freeze the orc warrior.
The orc warrior is heavily wounded.
The orc hits you but does no damage.
You punch the orc warrior! You freeze the orc warrior.
You kill the orc warrior!
You howl as the wereblood boils in your veins!
The orc hits you from afar with a +0 trident.
You punch the orc! You freeze the orc.
You feel a bit better.
You kill the orc!
The orc hits you but does no damage.
There is an open door here.
The steam dragon breathes steam at you.
The ball of steam hits the orc!!
The orc dies!
The ball of steam hits you!! The steam scalds you terribly!
You are engulfed in a cloud of scalding steam.
The steam dragon barely misses you. The steam dragon misses you.
Items here: ))) [[ ††.
You punch the steam dragon! You freeze the steam dragon.
The steam dragon is heavily wounded.
You are engulfed in a cloud of scalding steam.
The steam dragon breathes steam at you. The ball of steam hits you!!
The steam scalds you terribly!
* * * LOW HITPOINT WARNING * * *
You punch the steam dragon! You freeze the steam dragon.
The steam dragon is almost dead.
You are engulfed in a cloud of scalding steam.
You die...

... #######..####.#
#.#. #..# #.#.
#..####.# . .#
#.......# # ##.#
##...##### #.#...
##.....## #.....
##.......#
(.#>..D###.........#
.......Y.'.........'.
......####.........##.
..##. ##.......## #
#####.....## #.#
##.....# #.# #'##.#
#.########.#
#≈.≈†≈≈o{≈.#
#.##########


You could see a steam dragon (catching breath).

Vanquished Creatures
  An orc warrior (D:6)
  A necrophage (D:3)
  2 ogres (D:5)
  A phantom (D:6)
  A kobold brigand (D:3)
  2 bullfrogs (Sewer)
  A scorpion (D:6)
  A crimson imp (D:5)
  Crazy Yiuf (D:3)
  2 bullfrog skeletons
  A centaur skeleton (D:3)
  4 hounds
  2 iguanas
  3 orc wizards
  A howler monkey skeleton (D:6)
  17 adders
  An ufetubus (D:5)
  A worm (D:4)
  A dart slug (D:2)
  9 orcs
  16 endoplasms
  10 giant cockroaches
  6 goblins
  12 hobgoblins
  10 jackals
  4 kobolds
  8 quokkas
  15 ball pythons
  4 bats
  8 frilled lizards
  A rat (D:2)
147 creatures vanquished.

Vanquished Creatures (others)
  A human (D:4)
  An orc (D:6)
  2 fungi (D:2)
  9 plants
13 creatures vanquished.

Grand Total: 160 creatures vanquished

Notes
Turn   | Place    | Note
-------+----------+-------------------------------------------
     0 | D:1      | buhh the Octopode Transmuter began the quest for the Orb.
     0 | D:1      | Reached XP level 1. HP: 13/13 MP: 3/3
    56 | D:1      | Reached XP level 2. HP: 14/19 MP: 3/5
   898 | D:2      | Reached XP level 3. HP: 22/25 MP: 6/6
  1397 | D:2      | Identified the +1 pair of boots of Orthodoxy {Harm rC-
                  | Will- Stlth+}
  1706 | D:2      | Reached XP level 4. HP: 30/31 MP: 5/7
  1911 | D:2      | Found a faded altar of an unknown god.
  2087 | D:3      | Found Tacut's Assorted Antiques.
  2096 | D:3      | Noticed a necrophage
  2107 | D:3      | Noticed a kobold brigand
  2629 | D:3      | Killed a kobold brigand
  2630 | D:3      | Reached XP level 5. HP: 14/39 MP: 8/8
  2868 | D:3      | Noticed Sigmund
  2873 | D:3      | Found a runed translucent door.
  2873 | D:3      | Noticed Crazy Yiuf
  2878 | D:3      | HP: 1/39 [Crazy Yiuf/+4 quarterstaff of chaos (11)]
  2880 | D:3      | Killed Crazy Yiuf
  3186 | D:3      | Killed a necrophage
  3187 | D:3      | Reached XP level 6. HP: 43/46 MP: 7/9
  3342 | D:3      | Found a white marble altar of Elyvilon.
  3965 | D:4      | Reached XP level 7. HP: 38/52 MP: 8/10
  4124 | D:4      | Found an opulent altar of Gozag.
  4230 | D:4      | Found an ancient bone altar of Kikubaaqudgha.
  4231 | D:4      | Noticed a human
  4235 | D:4      | Killed a human
  4278 | D:4      | Found a shimmering blue altar of Sif Muna.
  4351 | D:4      | Found an ornate altar of the Wu Jian Council.
  4483 | D:4      | Found a hide-covered altar of Uskayaw.
  4483 | D:4      | Noticed a +0 short sword
  4483 | D:4      | Noticed a +0 falchion
  4483 | D:4      | Noticed a +0 spear
  4483 | D:4      | Noticed a +0 dagger
  4486 | D:4      | Noticed a +0 dagger
  4487 | D:4      | Noticed a +0 spear
  4490 | D:4      | Noticed a +0 short sword
  4493 | D:4      | Noticed a +0 falchion
  4611 | D:4      | Found a broken altar of Ashenzari.
  4620 | D:4      | Found a stormy altar of Qazlal.
  4696 | D:5      | Entered Level 5 of the Dungeon
  4826 | D:4      | Learned a level 2 spell: Wereblood
  4830 | D:4      | Learned a level 3 spell: Spider Form
  4832 | D:5      | Noticed Prince Ribbit
  5458 | D:5      | Learned a level 4 spell: Ice Form
  5472 | D:5      | Noticed Menkaure
  5773 | D:5      | Found a shadowy altar of Dithmenos.
  6051 | D:6      | Reached XP level 8. HP: 33/57 MP: 9/11
  6110 | D:6      | Found a glowing drain.
  6117 | Sewer    | Entered a sewer
  6684 | Sewer    | Got Keabee's Disquisition on Curses
  7191 | D:5      | Found a shimmering altar of Xom.
  7191 | D:5      | Found a burning altar of Makhleb.
  7779 | D:6      | Engulfed by a steam dragon's steam

Illustrated notes

Levels and vault maps discovered:
D:1:      ebering_trefoil_3fold, layout_rooms, minmay_box_of_dots
D:2:      layout_loops_corners, shapermc_ecumenical_altar_hornbeckon
D:3:      cheibrodos_old_hovel, layout_basic, mainiacjoe_overflow_catwalk,
          serial_shops, shop, kennysheep_doodads, uniq_sigmund,
          uniq_crazy_yiuf_cottage
D:4:      layout_rooms, nicolae_wu_jian_wuxing_cycle, led_sif_pool,
          lemuel_round_altar, nicolae_uskayaw_en_pointe, tgw_kikubaaqudgha,
          amethyst_overflow_temple_binary
D:5:      nicolae_cairo_tiling, layout_gridville,
          grunt_temple_overflow_champion_of_chaos,
          mainiacjoe_overflow_concentric_impassable, hex_medium, uniq_menkaure,
          uniq_prince_ribbit1
D:6:      layout_loops_corners, gammafunk_ghost_abyssal_escape,
          portal_sewer_entry_d, nicolae_specific_store

Skill      XL: |  1  2  3  4  5  6  7  8 |
---------------+-------------------------+-----
Stealth        | 1 2 |  2.0
Fighting       | 2 3 5 6 |  6.0
Transmutations | 3 5 |  5.0
Ice Magic      | 4 6 |  6.7
Dodging        | |  2.0
Unarmed Combat | |  3.0
Spellcasting   | |  2.0

Action                   |  1- 3 |  4- 6 |  7- 9 || total
-------------------------+-------+-------+-------++-------
Melee: Unarmed           |    78 |    77 |   195 ||   350
       Tentacles         |    17 |    24 |    24 ||    65
       Kick              |    20 |    36 |    46 ||   102
       Constrict         |    21 |    23 |    31 ||    75
       Punch             |       |     2 |     6 ||     8
 Cast: Beastly Appendage |    22 |    28 |    41 ||    91
       Spider Form       |       |       |     6 ||     6
       Ice Form          |       |       |    12 ||    12
       Wereblood         |       |       |     2 ||     2
Evoke: Wand              |       |       |     1 ||     1
  Use: Scroll            |       |     5 |     5 ||    10
       Potion            |       |       |     2 ||     2
 Stab: Sleeping          |     6 |     5 |     7 ||    18
Armor: Skin              |     5 |     1 |    22 ||    28
Dodge: Dodged            |    34 |    47 |   120 ||   201
